 Dungeon Crawl Stone Soup version 0.29.1-12-g30fa7ad0bf (webtiles) character file.

Game seed: 15627635361179982349

37 wormed the Ducker (level 3, -3/35 HPs)
             Began as a Gnoll Monk on Dec 28, 2022.
             Slain by Robin
             ... wielding a +2 trident of protection
              (5 damage)
             ... on level 2 of the Dungeon.
             The game lasted 00:01:32 (1100 turns).

wormed the Ducker (Gnoll Monk)                      Turns: 1100, Time: 00:01:32

Health: -3/35      AC:  2    Str: 10    XL:     3   Next: 39%
Magic:  4/4        EV: 15    Int:  9    God:
Gold:   104        SH:  0    Dex: 16    Spells: 3/3 levels left

rFire   . . .      SeeInvis .   a - +0 falchion
rCold   . . .      Faith    .   (no shield)
rNeg    . . .      Spirit   .   b - +0 robe
rPois   .          Reflect  .   (no helmet)
rElec   .          Harm     .   (no cloak)
rCorr   .          Rampage  .   (no gloves)
Will    .....                   (no boots)
Stlth   ++........              (no amulet)
HPRegen 0.11/turn               (no ring)
MPRegen 0.09/turn               (no ring)

@: silenced
A: fangs 1, strong nose, distributed training
a: no special abilities


You were on level 2 of the Dungeon.
You visited 1 branch of the dungeon, and saw 2 of its levels.

You collected 104 gold pieces.

Inventory:

Hand Weapons
 a - a +0 falchion (weapon)
Armour
 b - a +0 robe (worn)
Potions
 c - 3 potions of ambrosia
 d - a potion of flight {unknown}
 e - a potion of curing {unknown}
 g - a potion of degeneration {unknown}
 h - 2 potions of attraction {unknown}


   Skills:
 + Level 6.5 Fighting
 + Level 0.8 Short Blades
 + Level 6.5 Long Blades
 + Level 0.8 Axes
 + Level 0.8 Maces & Flails
 + Level 0.8 Polearms
 + Level 0.8 Staves
 + Level 0.8 Ranged Weapons
 + Level 0.8 Throwing
 + Level 0.8 Armour
 + Level 6.5 Dodging
 + Level 4.1 Stealth
 + Level 0.8 Shields
 + Level 0.8 Unarmed Combat
 + Level 0.8 Spellcasting
 + Level 0.5 Conjurations
 + Level 0.5 Hexes
 + Level 0.5 Summonings
 + Level 0.5 Necromancy
 + Level 0.5 Translocations
 + Level 0.5 Transmutations
 + Level 0.5 Fire Magic
 + Level 0.5 Ice Magic
 + Level 0.5 Air Magic
 + Level 0.5 Earth Magic
 + Level 0.5 Poison Magic
 + Level 1.0 Invocations
 + Level 0.8 Evocations


You had 3 spell levels left.
You didn't know any spells.
Your spell library was empty.

Dungeon Overview and Level Annotations

Branches:
Dungeon (1/15)

Altars:

Annotations:
D:2 Robin


Innate Abilities, Weirdness & Mutations

You have very sharp teeth.
Your uncanny sense of smell can sniff out nearby items.
Your experience applies equally to all skills.


Message History

You hit the goblin but do no damage. The goblin misses you.
Robin says, "A pitiful Gnoll like you will never find the ORB!"
Robin roars a battlecry!
You slash the goblin!
You kill the goblin!
Robin hits you with a +2 trident of protection.
* * * LOW HITPOINT WARNING * * *
As you read the scroll labelled HESIER JAEPN, it crumbles to dust.
A profound silence engulfs you.
It was a scroll of silence.
Robin misses you.
You hit Robin.
Robin is moderately wounded.
Robin barely misses you.
You hit Robin.
Robin is heavily wounded.
The goblin misses you. Robin closely misses you.
You hit the goblin.
The goblin is moderately wounded.
A goblin comes into view. It is wielding a +0 dagger.
The goblin barely misses you. Robin throws the goblin at you!
You slash the goblin!
You kill the goblin!
The goblin hits you with a +0 dagger.
* * * LOW HITPOINT WARNING * * *
Robin throws the goblin at you!
You hit Robin but do no damage. You punch Robin, but do no damage.
Robin is heavily wounded.
The goblin hits you with a +0 club.
* * * LOW HITPOINT WARNING * * *
The goblin hits you with a +0 dagger.
* * * LOW HITPOINT WARNING * * *
Robin completely misses you.
You closely miss the goblin. Your bite misses the goblin.
The goblin completely misses you. The goblin misses you.
Robin completely misses you.
You hit the goblin. You punch the goblin.
The goblin is heavily wounded.
The goblin completely misses you. The goblin closely misses you.
The hobgoblin closely misses you.
Robin hits you with a +2 trident of protection.
You die...

#.###w
#...#.###
###.# ..#
#...###.#
#g####..#
#.g.##†##
###.##†#
#.##)#####
#.g@g....#
#.g#g###.#
#..#...
#......#∆
##....$#
#.....#
#######


You could see Robin, a hobgoblin (strong) and 2 goblins.

Vanquished Creatures
  2 endoplasms (D:1)
  3 giant cockroaches (D:1)
  9 goblins
  4 hobgoblins
  3 kobolds (D:1)
  4 quokkas (D:1)
  3 ball pythons (D:1)
  2 bats
  A frilled lizard (D:1)
  A rat (D:1)
32 creatures vanquished.

Notes
Turn   | Place    | Note
-------+----------+-------------------------------------------
     0 | D:1      | wormed the Gnoll Monk began the quest for the Orb.
     0 | D:1      | Reached XP level 1. HP: 23/23 MP: 1/1
   216 | D:1      | Reached XP level 2. HP: 24/29 MP: 2/2
   916 | D:1      | Reached XP level 3. HP: 27/35 MP: 3/3
  1041 | D:1      | You fall into a shaft and drop 1 floor!
  1045 | D:2      | Noticed Robin
  1085 | D:2      | Reached skill level 1 in Invocations
  1100 | D:2      | Slain by Robin

Illustrated notes

Levels and vault maps discovered:
D:1:      minmay_arrival_cross, layout_basic
D:2:      layout_basic, basic_altar, uniq_robin, uniq_terence

Skill      XL: |  1  2  3 |
---------------+----------+-----
Invocations    | 1 |  1.0
Fighting       | |  6.5
Short Blades   | |  0.8
Long Blades    | |  6.5
Axes           | |  0.8
Maces & Flails | |  0.8
Polearms       | |  0.8
Staves         | |  0.8
Ranged Weapons | |  0.8
Throwing       | |  0.8
Armour         | |  0.8
Dodging        | |  6.5
Stealth        | |  4.1
Shields        | |  0.8
Unarmed Combat | |  0.8
Spellcasting   | |  0.8
Conjurations   | |  0.5
Hexes          | |  0.5
Summonings     | |  0.5
Necromancy     | |  0.5
Translocations | |  0.5
Transmutations | |  0.5
Fire Magic     | |  0.5
Ice Magic      | |  0.5
Air Magic      | |  0.5
Earth Magic    | |  0.5
Poison Magic   | |  0.5
Evocations     | |  0.8

Action                   || total
-------------------------++-------
Melee: Falchion          ||    88
       Bite              ||     9
       Punch             ||     2
  Use: Scroll            ||     1
 Stab: Sleeping          ||     6
Armor: Robe              ||     8
Dodge: Dodged            ||    68
